Map: Dusk Towers

Players

Miszu - Winner!

  • Race: Terran Terran
  • League: Grandmaster

Rodzyn

  • Race: Protoss Protoss
  • League: Grandmaster

VOD

Have the link to the VOD?

Description

Time

  • Played on: June 8, 2016, 1:51 p.m.
  • Length: 3:38
Show
View Real Time Build Order
Export as new Build Order

Miszu Terran - Winner!

Build Orders:  

Get SALT Encoding   

  12  0:00  SCV  
  13  0:12  SCV  
  14  0:18  Supply Depot  
  14  0:24  SCV  
  15  0:40  Barracks  
  15  0:52  Barracks  
  15  1:05  Barracks  
  15  1:27  Marine  
  15  1:28  Barracks  
  16  1:40  Supply Depot, Marine  
  16  1:45  Marine  
  18  1:52  Marine  
  19  1:58  Marine  
  20  2:03  Marine  
  21  2:10  Marine  
  22  2:16  Marine  
  22  2:21  Marine  
  23  2:27  Marine x2  
  25  2:34  Marine  
  25  2:38  Supply Depot  
  25  2:39  Marine  
  26  2:45  Marine x2  
  27  2:51  Marine  
  27  2:57  Marine  
  28  3:03  Marine x2  
  28  3:09  Marine  
  28  3:14  Marine  
Show
View Real Time Build Order
Export as new Build Order

Rodzyn Protoss 

Build Orders:  

Get SALT Encoding   

  12  0:01  Probe (Chrono Boost)  
  13  0:11  Probe (Chrono Boost)  
  14  0:17  Pylon  
  14  0:22  Probe (Chrono Boost)  
  15  0:35  Probe (Chrono Boost)  
  16  0:36  Gateway  
  16  0:45  Assimilator  
  16  0:46  Probe (Chrono Boost)  
  17  0:56  Probe (Chrono Boost)  
  18  1:07  Probe (Chrono Boost)  
  19  1:26  Cybernetics Core  
  19  1:27  Gateway  
  19  1:31  Pylon  
  19  1:37  Zealot (Chrono Boost)  
  21  1:41  Pylon  
  21  1:48  Assimilator  
  23  2:01  Zealot (Chrono Boost)  
  23  2:04  Mothership Core (Chrono Boost)  
  25  2:18  Stalker (Chrono Boost)  
  26  2:37  Stalker (Chrono Boost)  
  22  2:57  Stalker (Chrono Boost)  
Tags
 
Add a new tag
Caveats
  • Supply blocks, unpowered buildings, or Contaminate may cause inaccurate times.
  • Supply counts are checked every 10 seconds.